MLB
BALTIMORE ORIOLES @ TAMPA BAY RAYS
09/03/2019
 
TOP OF THE 1ST
Baltimore Orioles batting - Pitching for Tampa Bay Rays : LHP Madison Bumgarner
Pitching: LHP Madison Bumgarner
Batting: RHB Andrew McCutchen 0-0: Bunted foul
0-1: Called Strike
0-2: Ball
1-2: Ball
2-2: Ball
3-2: Foul Ball, location: 2F
3-2: Base on Balls
Batting: RHB Albert Almora 0-0: Called Strike
0-1: Ball
1-1: Ball
2-1: Foul Ball, location: 2F
2-2: Foul Ball, location: 2F
2-2: SINGLE (Groundball, 4MD, EV 109.4 MPH)
Andrew McCutchen to second
Batting: LHB Joey Votto 0-0: Ball
1-0: Ball
2-0: Foul Ball, location: 2F
2-1: Foul Ball, location: 2F
2-2: Grounds into double play, 4-6-3 (Groundball, 4, EV 88.8 MPH)
Andrew McCutchen to third
Batting: LHB Shohei Ohtani 0-0: Ball
1-0: Ball
2-0: Called Strike
2-1: Foul Ball, location: 2F
2-2: Ball
3-2: Strikes out swinging
Top of the 1st over - 0 runs, 1 hit, 0 errors, 1 left on base; Baltimore 0 - Tampa Bay 0
BOTTOM OF THE 1ST
Tampa Bay Rays batting - Pitching for Baltimore Orioles : LHP J.A. Happ
Pitching: LHP J.A. Happ
Batting: RHB DJ LeMahieu 0-0: Foul Ball, location: 2F
0-1: Ball
1-1: Called Strike
1-2: Ball
2-2: Foul Ball, location: 2F
2-2: SOLO HOME RUN (Flyball, 7D, EV 91.3 MPH), Distance : 370 ft
Batting: RHB Nelson Cruz 0-0: Ball
1-0: Called Strike
1-1: Ground out 5-3 (Groundball, 5, EV 87.5 MPH)
Batting: SHB Aaron Hicks 0-0: Called Strike
0-1: Called Strike
0-2: Foul Ball, location: 2F
0-2: Ball
1-2: Ball
2-2: Strikes out swinging
Batting: RHB Xander Bogaerts 0-0: Swinging Strike
0-1: Ball
1-1: Called Strike
1-2: Ball
2-2: Ball
3-2: Foul Ball, location: 2F
3-2: Strikes out swinging
Bottom of the 1st over - 1 run, 1 hit, 0 errors, 0 left on base; Baltimore 0 - Tampa Bay 1
TOP OF THE 2ND
Baltimore Orioles batting - Pitching for Tampa Bay Rays : LHP Madison Bumgarner
Batting: SHB Asdrubal Cabrera 0-0: Ground out 6-3 (Groundball, 6, EV 83.8 MPH)
Batting: LHB Daniel Murphy 0-0: Ball
1-0: Ball
2-0: Foul Ball, location: 2F
2-1: Foul Ball, location: 2F
2-2: Ground out 4-3 (Groundball, 4, EV 86.9 MPH)
Batting: LHB Nomar Mazara 0-0: Called Strike
0-1: Ball
1-1: Ball
2-1: Swinging Strike
2-2: Ball
3-2: Foul Ball, location: 2F
3-2: Foul Ball, location: 2F
3-2: Foul Ball, location: 2F
3-2: Foul Ball, location: 2F
3-2: Strikes out swinging
Top of the 2nd over - 0 runs, 0 hits, 0 errors, 0 left on base; Baltimore 0 - Tampa Bay 1
BOTTOM OF THE 2ND
Tampa Bay Rays batting - Pitching for Baltimore Orioles : LHP J.A. Happ
Batting: LHB Michael Conforto 0-0: Ball
1-0: Foul Ball, location: 2F
1-1: Fly out, F9 (Flyball, 9, EV 91.9 MPH)
Batting: RHB Miguel Cabrera 0-0: Ball
1-0: Called Strike
1-1: Ball
2-1: Ball
3-1: Base on Balls
Batting: LHB Rafael Devers 0-0: Ball
1-0: Called Strike
1-1: Foul Ball, location: 2F
1-2: Ball
2-2: Ball
3-2: Strikes out swinging
Batting: RHB Marcell Ozuna Pickoff Throw to First - Out! 1-3
Bottom of the 2nd over - 0 runs, 0 hits, 0 errors, 0 left on base; Baltimore 0 - Tampa Bay 1
TOP OF THE 3RD
Baltimore Orioles batting - Pitching for Tampa Bay Rays : LHP Madison Bumgarner
Batting: RHB Maikel Franco 0-0: Ball
1-0: Swinging Strike
1-1: Swinging Strike
1-2: Strikes out looking
Batting: RHB Rene Rivera 0-0: Called Strike
0-1: Ball
1-1: Ball
2-1: Ground out 6-3 (Groundball, 6M, EV 86.3 MPH)
Batting: RHB Andrew McCutchen 0-0: Ball
1-0: Ball
2-0: Fly out, F7 (Flyball, 7LS, EV 86.9 MPH)
Top of the 3rd over - 0 runs, 0 hits, 0 errors, 0 left on base; Baltimore 0 - Tampa Bay 1
BOTTOM OF THE 3RD
Tampa Bay Rays batting - Pitching for Baltimore Orioles : LHP J.A. Happ
Batting: RHB Marcell Ozuna 0-0: Fly out, F6 (Line Drive, 6, EV 68.1 MPH)
Batting: RHB Austin Hedges 0-0: Ball
1-0: Ball
2-0: Called Strike
2-1: Called Strike
2-2: DOUBLE (Line Drive, 89XD, EV 106.9 MPH)
Batting: RHB DJ LeMahieu 0-0: Ball
1-0: Ball
2-0: Ground out 4-3 (Groundball, 4, EV 102.5 MPH)
Austin Hedges to third
Batting: RHB Nelson Cruz 0-0: Ball
1-0: Ball
2-0: Swinging Strike
2-1: Called Strike
2-2: Fly out, F9 (Flyball, 8RS, EV 87.5 MPH)
Bottom of the 3rd over - 0 runs, 1 hit, 0 errors, 1 left on base; Baltimore 0 - Tampa Bay 1
TOP OF THE 4TH
Baltimore Orioles batting - Pitching for Tampa Bay Rays : LHP Madison Bumgarner
Batting: RHB Albert Almora 0-0: Ball
1-0: Ball
2-0: SOLO HOME RUN (Flyball, 7D, EV 110.6 MPH), Distance : 366 ft
Batting: LHB Joey Votto 0-0: Ball
1-0: Ball
2-0: Swinging Strike
2-1: Foul Ball, location: 2F
2-2: Foul Ball, location: 2F
2-2: Foul Ball, location: 2F
2-2: Ball
3-2: Base on Balls
Batting: LHB Shohei Ohtani 0-0: Called Strike
0-1: Ball
1-1: Called Strike
1-2: Strikes out looking
Batting: SHB Asdrubal Cabrera 0-0: Ball
1-0: Called Strike
1-1: Called Strike
1-2: Ball
2-2: Ball
3-2: Strikes out swinging
Batting: LHB Daniel Murphy 0-0: Ball
1-0: Ball
2-0: Ball
3-0: Base on Balls
Joey Votto to second
Batting: LHB Nomar Mazara 0-0: Called Strike
0-1: Ball
1-1: Called Strike
1-2: Strikes out looking
Top of the 4th over - 1 run, 1 hit, 0 errors, 2 left on base; Baltimore 1 - Tampa Bay 1
BOTTOM OF THE 4TH
Tampa Bay Rays batting - Pitching for Baltimore Orioles : LHP J.A. Happ
Batting: SHB Aaron Hicks 0-0: Ball
1-0: Called Strike
1-1: Called Strike
1-2: Foul Ball, location: 2F
1-2: SINGLE (Line Drive, 9LS, EV 103.1 MPH)
Batting: RHB Xander Bogaerts 0-0: Ball
1-0: Foul Ball, location: 2F
1-1: Ball
2-1: Ball
3-1: Called Strike
3-2: Base on Balls
Aaron Hicks to second
Batting: LHB Michael Conforto 0-0: Foul Ball, location: 2F
0-1: Swinging Strike
0-2: Strikes out looking
Batting: RHB Miguel Cabrera 0-0: Called Strike
0-1: Called Strike
0-2: Ball
1-2: Ball
2-2: Ball
3-2: Foul Ball, location: 2F
3-2: Foul Ball, location: 2F
3-2: Base on Balls
Aaron Hicks to third
Xander Bogaerts to second
Batting: LHB Rafael Devers 0-0: Foul Ball, location: 2F
0-1: Foul Ball, location: 2F
0-2: Foul Ball, location: 2F
0-2: Foul Ball, location: 2F
0-2: Ball
1-2: Strikes out swinging
Batting: RHB Marcell Ozuna 0-0: Called Strike
0-1: Ball
1-1: Ground out 1-3 (Groundball, 13, EV 75.6 MPH)
Bottom of the 4th over - 0 runs, 1 hit, 0 errors, 3 left on base; Baltimore 1 - Tampa Bay 1
TOP OF THE 5TH
Baltimore Orioles batting - Pitching for Tampa Bay Rays : LHP Madison Bumgarner
Batting: RHB Maikel Franco 0-0: Fly out, F7 (Flyball, 7LMF, EV 85.0 MPH)
Batting: RHB Rene Rivera 0-0: Fly out, F3 (Popup, 3, EV 64.4 MPH)
Batting: RHB Andrew McCutchen 0-0: Ball
1-0: Fly out, F3 (Popup, 3S, EV 70.6 MPH)
Top of the 5th over - 0 runs, 0 hits, 0 errors, 0 left on base; Baltimore 1 - Tampa Bay 1
BOTTOM OF THE 5TH
Tampa Bay Rays batting - Pitching for Baltimore Orioles : LHP J.A. Happ
Batting: RHB Austin Hedges 0-0: Ball
1-0: Ball
2-0: Ball
3-0: Fly out, F8 (Line Drive, 8RM, EV 88.8 MPH)
Batting: RHB DJ LeMahieu 0-0: Called Strike
0-1: Ball
1-1: Ball
2-1: Ball
3-1: Foul Ball, location: 2F
3-2: Base on Balls
Batting: RHB Nelson Cruz 0-0: Swinging Strike
0-1: Ball
1-1: Ball
2-1: Ball
3-1: Swinging Strike
3-2: Base on Balls
DJ LeMahieu to second
Pitching: RHP R.J. Alaniz
Batting: SHB Aaron Hicks 0-0: Foul Ball, location: 2F
0-1: Swinging Strike
0-2: Strikes out swinging
Batting: RHB Xander Bogaerts 0-0: DOUBLE (Line Drive, 78D, EV 103.1 MPH)
DJ LeMahieu scores
Nelson Cruz to third
Batting: LHB Michael Conforto 0-0: Ball
1-0: Ball
2-0: Ball
3-0: Called Strike
3-1: Fly out, F6 (Popup, 6MS, EV 72.5 MPH)
Bottom of the 5th over - 1 run, 1 hit, 0 errors, 2 left on base; Baltimore 1 - Tampa Bay 2
TOP OF THE 6TH
Baltimore Orioles batting - Pitching for Tampa Bay Rays : LHP Madison Bumgarner
Batting: RHB Albert Almora 0-0: Called Strike
0-1: Called Strike
0-2: Fly out, F8 (Flyball, 8LD, EV 86.3 MPH)
Batting: LHB Joey Votto 0-0: Ball
1-0: Ball
2-0: Foul Ball, location: 2F
2-1: Foul Ball, location: 2F
2-2: Ball
3-2: Foul Ball, location: 2F
3-2: Fly out, F7 (Line Drive, 7, EV 86.9 MPH)
Batting: LHB Shohei Ohtani 0-0: Foul Ball, location: 2F
0-1: Ball
1-1: Foul Ball, location: 2F
1-2: Foul Ball, location: 2F
1-2: Strikes out swinging
Top of the 6th over - 0 runs, 0 hits, 0 errors, 0 left on base; Baltimore 1 - Tampa Bay 2
BOTTOM OF THE 6TH
Tampa Bay Rays batting - Pitching for Baltimore Orioles : RHP R.J. Alaniz
Batting: RHB Miguel Cabrera 0-0: Called Strike
0-1: Ball
1-1: Swinging Strike
1-2: Strikes out looking
Batting: LHB Rafael Devers 0-0: Ball
1-0: Called Strike
1-1: Ball
2-1: Called Strike
2-2: Foul Ball, location: 2F
2-2: Foul Ball, location: 2F
2-2: Foul Ball, location: 2F
2-2: Foul Ball, location: 2F
2-2: Ball
3-2: Base on Balls
Pitching: RHP Pedro Strop
Batting: RHB Marcell Ozuna 0-0: Called Strike
0-1: Reached on error, E5 (Groundball, 56S, EV 83.1 MPH)
Rafael Devers to third
Batting: RHB Austin Hedges 0-0: Swinging Strike
0-1: Ball
1-1: Foul Ball, location: 2F
1-2: Strikes out swinging
Batting: RHB DJ LeMahieu 0-0: SINGLE (Groundball, 34D, EV 105.6 MPH)
Rafael Devers scores
Marcell Ozuna to third
Runner from 3rd tries for Home, SAFE, no throw by RF
Batting: RHB Nelson Cruz 0-0: Ball
1-0: Fly out, F9 (Flyball, 9S, EV 91.3 MPH)
Bottom of the 6th over - 2 runs, 1 hit, 1 error, 1 left on base; Baltimore 1 - Tampa Bay 4
TOP OF THE 7TH
Baltimore Orioles batting - Pitching for Tampa Bay Rays : LHP Madison Bumgarner
Pitching: RHP Ryne Harper
Batting: SHB Asdrubal Cabrera 0-0: Fly out, F8 (Flyball, 89M, EV 74.4 MPH)
Batting: LHB Daniel Murphy 0-0: Ball
1-0: Ball
2-0: Swinging Strike
2-1: Ball
3-1: Base on Balls
Batting: LHB Nomar Mazara 0-0: Ball
1-0: Foul Ball, location: 2F
1-1: Called Strike
1-2: Grounds into double play, 4-6-3 (Groundball, 34, EV 88.1 MPH)
Top of the 7th over - 0 runs, 0 hits, 0 errors, 0 left on base; Baltimore 1 - Tampa Bay 4
BOTTOM OF THE 7TH
Tampa Bay Rays batting - Pitching for Baltimore Orioles : RHP Pedro Strop
Pitching: RHP James Norwood
Batting: SHB Aaron Hicks 0-0: Foul Ball, location: 2F
0-1: Foul Ball, location: 2F
0-2: Ball
1-2: Ball
2-2: Fly out, F8 (Flyball, 8LXD, EV 94.4 MPH)
Batting: RHB Xander Bogaerts 0-0: Called Strike
0-1: Called Strike
0-2: Ball
1-2: Foul Ball, location: 2F
1-2: Ball
2-2: Foul Ball, location: 2F
2-2: DOUBLE (Line Drive, 8LXD, EV 100.6 MPH)
Batting: LHB Michael Conforto 0-0: Ball
1-0: Ground out 4-3 (Groundball, 34, EV 107.5 MPH)
Xander Bogaerts to third
Batting: RHB Miguel Cabrera 0-0: Foul Ball, location: 2F
0-1: Ball
1-1: Ball
2-1: Fly out, F8 (Flyball, 8LXD, EV 78.8 MPH)
Bottom of the 7th over - 0 runs, 1 hit, 0 errors, 1 left on base; Baltimore 1 - Tampa Bay 4
TOP OF THE 8TH
Baltimore Orioles batting - Pitching for Tampa Bay Rays : RHP Ryne Harper
Batting: RHB Maikel Franco 0-0: Ball
1-0: Ball
2-0: Foul Ball, location: 2F
2-1: Fly out, F9 (Line Drive, 9D, EV 93.1 MPH)
Batting: RHB Rene Rivera 0-0: Called Strike
0-1: Foul Ball, location: 2F
0-2: Ball
1-2: SOLO HOME RUN (Flyball, 7LD, EV 93.8 MPH), Distance : 336 ft
Batting: RHB Andrew McCutchen 0-0: Ball
1-0: Ball
2-0: Ball
3-0: Called Strike
3-1: Base on Balls
Pitching: RHP Darren O'Day
Batting: RHB Albert Almora 0-0: Ball
1-0: Ball
2-0: Ball
3-0: Base on Balls
Andrew McCutchen to second
Pitching: RHP Mychal Givens
Batting: LHB Joey Votto 0-0: Ball
1-0: Foul Ball, location: 2F
1-1: Ball
2-1: Called Strike
2-2: Strikes out swinging
Batting: LHB Shohei Ohtani 0-0: Fielders Choice at 2nd, 5-4 (Groundball, 5L, EV 85.0 MPH)
Top of the 8th over - 1 run, 1 hit, 0 errors, 2 left on base; Baltimore 2 - Tampa Bay 4
BOTTOM OF THE 8TH
Tampa Bay Rays batting - Pitching for Baltimore Orioles : RHP James Norwood
Pitching: RHP Carlos Estevez
Batting: LHB Rafael Devers 0-0: Called Strike
0-1: Called Strike
0-2: Fly out, F8 (Flyball, 8RD, EV 100.0 MPH)
Batting: RHB Marcell Ozuna 0-0: Swinging Strike
0-1: Foul Ball, location: 2F
0-2: Foul Ball, location: 2F
0-2: Strikes out swinging
Batting: RHB Austin Hedges 0-0: Ball
1-0: Foul Ball, location: 2F
1-1: Ball
2-1: Ball
3-1: Swinging Strike
3-2: Foul Ball, location: 2F
3-2: Strikes out looking
Bottom of the 8th over - 0 runs, 0 hits, 0 errors, 0 left on base; Baltimore 2 - Tampa Bay 4
TOP OF THE 9TH
Baltimore Orioles batting - Pitching for Tampa Bay Rays : RHP Mychal Givens
Batting: SHB Asdrubal Cabrera 0-0: Foul Ball, location: 2F
0-1: Foul Ball, location: 2F
0-2: Ground out 4-3 (Groundball, 4, EV 106.9 MPH)
Batting: LHB Daniel Murphy 0-0: Fly out, F4 (Popup, 34S, EV 86.3 MPH)
Batting: LHB Nomar Mazara 0-0: Called Strike
0-1: Swinging Strike
0-2: Strikes out looking
Top of the 9th over - 0 runs, 0 hits, 0 errors, 0 left on base; Baltimore 2 - Tampa Bay 4
Sunday, December 8th, 2019 - OOTP Baseball 20.8 Build 73